 Dungeon Crawl Stone Soup version 0.28-a0-631-g0446da8ef9 (webtiles) character file.

Game seed: 13358334267939828250

6736 timneilson the Blocker (level 10, -12/91 HPs)
             Began as a Deep Dwarf Fighter on Oct 9, 2021.
             Was a Believer of Qazlal.
             Mangled by a large slime creature (33 damage)
             ... on level 10 of the Dungeon.
             The game lasted 00:18:40 (7266 turns).

timneilson the Blocker (Deep Dwarf Fighter)         Turns: 7266, Time: 00:18:41

Health: -12/91     AC: 19    Str: 23    XL:     10   Next: 75%
Magic:  2/2        EV:  9    Int:  9    God:    Qazlal [**....]
Gold:   378        SH:  9    Dex: 12    Spells: 9/9 levels left

rFire   . . .      SeeInvis +   H - +1 scimitar (flame)
rCold   . . .      Faith    .   c - +0 buckler
rNeg    . . .      Spirit   .   B - +0 plate armour
rPois   .          Reflect  .   i - +1 helmet
rElec   .          Harm     .   t - +2 cloak {Will+}
rCorr   +          Rampage  .   (no gloves)
Will    ++...                   (no boots)
Stlth   ..........              (no amulet)
HPRegen 0.00/turn               G - ring of see invisible
MPRegen 0.08/turn               b - ring of resist corrosion

@: no status effects
A: damage resistance, heal wounds, sense surroundings 2, no regeneration
a: Heal Wounds, Renounce Religion, Upheaval


You were on level 10 of the Dungeon.
You worshipped Qazlal.
Qazlal was pleased with you.
You visited 2 branches of the dungeon, and saw 11 of its levels.

You collected 378 gold pieces.

Inventory:

Hand Weapons
 a - a +1 long sword
 H - a +1 scimitar of flaming (weapon)
Missiles
 z - a throwing net
Armour
 c - a +0 buckler (worn)
 i - a +1 helmet (worn)
 t - a +2 cloak of willpower (worn)
 u - a scarf of resistance
 w - a +0 tower shield
 B - a +0 plate armour (worn)
Jewellery
 b - a ring of resist corrosion (right hand)
 G - a ring of see invisible (left hand)
Wands
 m - a wand of digging (5)
 s - a wand of flame (47)
 A - a wand of charming (9)
 D - a wand of iceblast (6)
 E - a wand of acid (9)
 F - a wand of mindburst (15)
Scrolls
 e - 2 scrolls of blinking
 f - 4 scrolls of teleportation
 n - a scroll of magic mapping
 y - a scroll of fear
 C - a scroll of enchant armour
Potions
 d - a potion of might
 g - 3 potions of attraction
 h - 2 potions of brilliance {unknown}
 j - a potion of ambrosia {unknown}
 k - 2 potions of curing {unknown}
 l - 3 potions of magic {unknown}
 o - a potion of heal wounds {unknown}
 p - 3 potions of lignification
 q - a potion of degeneration {unknown}
 r - a potion of resistance {unknown}
 v - a potion of flight {unknown}
 x - a potion of haste {unknown}


   Skills:
 + Level 5.7 Fighting
 * Level 8.1 Long Blades
 * Level 9.1 Armour
 + Level 5.8 Dodging
 * Level 9.2 Shields
 + Level 3.5 Invocations
 + Level 5.9 Evocations


You had 9 spell levels left.
You didn't know any spells.
Your spell library contained the following spells:

 Spells                   Type           Power      Damage    Failure   Level
 Corpse Rot               Necr/Air       N/A        N/A       100%        2
 Ensorcelled Hibernation  Hex/Ice        0%         N/A       100%        2
 Poisonous Vapours        Pois/Air       0%         N/A       100%        2
 Spider Form              Tmut/Pois      0%         N/A       100%        3
 Animate Armour           Summ/Erth      0%         N/A       100%        4
 Blade Hands              Tmut           0%         N/A       100%        5
 Iron Shot                Conj/Erth      0%         9d1       100%        6


Dungeon Overview and Level Annotations

Branches:
Dungeon (10/15)            Temple (1/1) D:7
   Lair: D:8-11         Orc: D:9-12

Altars:
Ashenzari
Cheibriados
Dithmenos
Elyvilon
Fedhas
Gozag
Hepliaklqana
Kikubaaqudgha
Makhleb
Nemelex Xobeh
Okawaru
Qazlal
Ru
Sif Muna
Trog
Uskayaw
Vehumet
Wu Jian
Xom
Yredelemnul
Zin
The Shining One

Shops:
D:8 *

Annotations:
D:9 1 runed translucent door, SkeletonJelly's ghost, novice TeCK


Innate Abilities, Weirdness & Mutations

You are resistant to damage.
You can heal yourself by infusing magical energy.
You passively map the area around you.
You do not regenerate.


Message History

A slime creature comes into view.
Found a vibrating brass ring and a robe.
The slime creature moves out of view.
You feel much better.
A slime creature comes into view.
The slime creature quivers.
Found an arbalest.
You slash the slime creature! You burn the slime creature.
The slime creature is moderately wounded.
You block the slime creature's attack.
You slash the slime creature! You burn the slime creature.
The slime creature is moderately wounded.
The slime creature hits you. x2
You slash the slime creature! You burn the slime creature.
The slime creature is heavily wounded.
The slime creature hits you but does no damage. x2
You slash the slime creature! You burn the slime creature.
The slime creature is severely wounded.
The slime creature hits you but does no damage.
The slime creature closely misses you.
Two slime creatures merge to form a large slime creature.
You slash the slime creature! You burn the slime creature.
You kill the slime creature!
Qazlal accepts your kill.
You slash the large slime creature! You burn the large slime creature.
The large slime creature is lightly wounded.
You slash the large slime creature! You burn the large slime creature.
The large slime creature is moderately wounded.
The large slime creature hits you!
You slash the large slime creature! You burn the large slime creature.
The large slime creature is heavily wounded.
The large slime creature hits you!
You slash the large slime creature! You burn the large slime creature.
The large slime creature is heavily wounded.
The large slime creature hits you!!
* * * LOW HITPOINT WARNING * * *
You slash the large slime creature! You burn the large slime creature!
The large slime creature is severely wounded.
The large slime creature hits you!!
You die...

,* ** * *** **
####.#.#.. , * ,
, ,, ,
#......... *, ,
, , *#.........
, *** **#.
#.<......., * ,*
#.*#......[.. ,
*
####.##.........
* *
.........J......
, ,
........@.......
* ,***
##..#...#.###..*
,, * *#...[..##
.. , , , * *
##..#...# #). *
, , ,
=...,##<#.# * ..
, ,###,
#......... , * ,
,, ###.###.. * *
, , * .# * , *
** ,# * , , * *


You could see a large slime creature.

Vanquished Creatures
  Erica (D:9)
  A two-headed ogre (D:8)
  Pikel (D:7)
  A slime creature (D:10)
  2 hornets
  4 vampire mosquitoes (D:9)
  A steam dragon (D:8)
  An acid dragon (D:9)
  3 orc warriors
  3 ice beasts
  3 sky beasts
  2 necrophages
  A black bear (D:4)
  4 centaurs
  3 ogres
  A lemure (D:7)
  A phantom (D:6)
  3 scorpions
  2 bullfrogs
  9 killer bees
  8 wights
  A bullfrog zombie (D:5)
  A jelly (D:4)
  A centaur zombie (D:7)
  6 orc priests
  Crazy Yiuf (D:3)
  2 centaur skeletons
  An iron imp (D:9)
  3 gnoll shamans
  An iguana (D:6)
  9 orc wizards
  A hound zombie (D:5)
  A howler monkey zombie (D:9)
  A howler monkey skeleton (D:7)
  13 gnolls
  3 adders (D:6)
  3 ufetubi
  An adder skeleton (D:4)
  A worm (D:5)
  3 dart slugs
  31 orcs
  5 bats
  2 endoplasms
  2 giant cockroaches
  3 goblins
  10 hobgoblins
  4 jackals
  6 kobolds
  4 quokkas
  4 ball pythons
  4 frilled lizards
  3 rats
  A spectral goblin (D:8)
187 creatures vanquished.

Vanquished Creatures (others)
  A fungus (D:3)
1 creature vanquished.

Grand Total: 188 creatures vanquished

Notes
Turn   | Place    | Note
-------+----------+-------------------------------------------
     0 | D:1      | timneilson the Deep Dwarf Fighter began the quest for the
                  | Orb.
     0 | D:1      | Reached XP level 1. HP: 20/20 MP: 1/1
   346 | D:1      | Reached XP level 2. HP: 27/27 MP: 2/2
   959 | D:2      | Reached XP level 3. HP: 24/33 MP: 3/3
  1338 | D:3      | Found a faded altar of an unknown god.
  1524 | D:3      | Found a broken altar of Ashenzari.
  1911 | D:3      | Found a sparkling altar of Nemelex Xobeh.
  1949 | D:3      | Found a runed translucent door.
  1950 | D:3      | Noticed Crazy Yiuf
  1959 | D:3      | Killed Crazy Yiuf
  1960 | D:3      | Reached skill level 1 in Dodging
  1960 | D:3      | Reached XP level 4. HP: 33/42 MP: 3/3
  2016 | D:4      | Noticed a necrophage
  2045 | D:3      | Killed a necrophage
  2046 | D:3      | Reached XP level 5. HP: 32/49 MP: 4/4
  2240 | D:4      | Reached XP level 6. HP: 41/56 MP: 4/4
  2311 | D:4      | Reached skill level 5 in Armour
  2311 | D:4      | Reached skill level 5 in Shields
  2461 | D:4      | Reached XP level 7. HP: 21/62 MP: 5/5
  2711 | D:5      | Entered Level 5 of the Dungeon
  2909 | D:5      | Reached skill level 1 in Evocations
  2981 | D:5      | Found a glowing golden altar of the Shining One.
  3109 | D:5      | Found a bloodstained altar of Trog.
  3293 | D:6      | Reached XP level 8. HP: 23/72 MP: 3/3
  3377 | D:6      | Reached skill level 5 in Long Blades
  3868 | D:6      | Found a white marble altar of Elyvilon.
  4110 | D:7      | Noticed a hornet
  4182 | D:7      | Gained mutation: You passively map the area around you.
                  | [Deep Dwarf growth]
  4182 | D:7      | Reached XP level 9. HP: 43/79 MP: 3/3
  4192 | D:7      | Found a staircase to the Ecumenical Temple.
  4198 | Temple   | Entered the Ecumenical Temple
  4278 | Temple   | Became a worshipper of Qazlal Stormbringer
  4380 | D:7      | Found a shadowy altar of Dithmenos.
  4410 | D:7      | Found a hide-covered altar of Uskayaw.
  4417 | D:7      | Found a basalt altar of Yredelemnul.
  4892 | D:7      | Noticed Pikel
  4921 | D:7      | Killed Pikel
  4922 | D:7      | Reached skill level 5 in Fighting
  4960 | D:7      | Reached * piety under Qazlal
  5196 | D:7      | Found a shimmering blue altar of Sif Muna.
  5346 | D:8      | Reached skill level 1 in Invocations
  5386 | D:8      | Paralysed by a hornet for 2 turns
  5393 | D:8      | Reached skill level 5 in Dodging
  5420 | D:8      | Noticed a two-headed ogre
  5463 | D:8      | Killed a two-headed ogre
  5464 | D:8      | Reached skill level 5 in Evocations
  5464 | D:8      | Reached XP level 10. HP: 50/88 MP: 1/3
  5819 | D:8      | Found a hazy altar of Hepliaklqana.
  5875 | D:8      | Found Fijuryeq's CLEARANCE SALE!.
  5942 | D:8      | Found a burning altar of Makhleb.
  6085 | D:8      | Reached ** piety under Qazlal
  6520 | D:9      | Noticed Erica
  6546 | D:9      | HP: 3/88 [Erica/lance of force (16)]
  6549 | D:9      | Killed Erica
  6574 | D:9      | Found a runed translucent door.
  6936 | D:9      | Found a snail-covered altar of Cheibriados.
  7214 | D:9      | Noticed SkeletonJelly's ghost (novice TeCK)
  7251 | D:10     | Entered Level 10 of the Dungeon
  7266 | D:10     | Mangled by a large slime creature

Illustrated notes

Levels and vault maps discovered:
D:1:      dpeg_arrival_arbitrary_c, layout_basic
D:2:      layout_rooms
D:3:      layout_loops_ring, nemelex_spade_bored_becter,
          ashenzari_conservatory_becter, serial_glass, glass_columns_a,
          glass_columns_c, glass_columns_a, glass_columns_a,
          ebering_ecumenical_altar_sacrificial, minivault_19,
          uniq_crazy_yiuf_cottage
D:4:      layout_gridville
D:5:      layout_basic, mainiacjoe_overflow_24_doors, old_standard_altar
D:6:      layout_basic, elyvilon_altar_3
D:7:      layout_loops_corners, grunt_dithmenos_smoke_and_mirrors,
          mainiacjoe_overflow_catwalk_spiral, kennysheep_orc_sif_temple,
          minmay_temple_entry_trees, uniq_pikel
D:8:      layout_basic, lightli_temple_of_fire,
          nicolae_hepliaklqana_monster_ancestors, nicolae_shop_clearance
D:9:      layout_irregular_city, slow_altar_1, ebering_ghost_reflecting_pool,
          uniq_erica
D:10:     layout_loops_ring, hangedman_decor_points, uniq_psyche, uniq_fannar
Temple:   eino_temple_lava

Skill      XL: |  1  2  3  4  5  6  7  8  9 10 |
---------------+-------------------------------+-----
Fighting       | 3 4 5 |  5.7
Armour         | 4 5 7 8 9 |  9.1
Dodging        | 1 2 3 4 5 |  5.8
Shields        | 4 5 7 8 9 |  9.2
Long Blades    | 3 4 6 7 8 |  8.1
Evocations     | 1 3 5 |  5.9
Invocations    | 1 3 |  3.5

Action                   |  1- 3 |  4- 6 |  7- 9 | 10-12 || total
-------------------------+-------+-------+-------+-------++-------
Melee: Long sword        |   138 |   118 |   434 |   123 ||   813
       Scimitar          |       |       |       |    64 ||    64
 Abil: Heal Wounds       |     1 |     1 |    19 |    11 ||    32
  Use: Scroll            |     4 |       |     8 |     1 ||    13
       Potion            |       |     1 |       |       ||     1
Armor: Scale mail        |    77 |    72 |    76 |       ||   225
       Chain mail        |       |       |   146 |   122 ||   268
       Plate armour      |       |       |       |    29 ||    29
Dodge: Dodged            |    73 |    81 |   183 |   106 ||   443
Block: Buckler           |    35 |    43 |   123 |   112 ||   313

Table legend: (Time is in decaauts)
 A = Elapsed time spent in this place.
 B = Non-inter-level travel time spent in this place.
 C = Inter-level travel time spent in this place.
 D = Time resting spent in this place.
 E = Time spent auto-exploring this place.
 F = Levels seen in this place.
 G = Mean time per level.
                   A        B        C        D        E       F      G
               +--------+--------+--------+--------+--------+-----+--------+
         Total |   7383 |   7028 |    355 |     44 |   4990 |  11 |  671.2 |
       Dungeon |   7294 |   6960 |    334 |     44 |   4927 |  10 |  729.4 |
        Temple |     89 |     68 |     21 |      0 |     63 |   1 |   89.0 |
               +--------+--------+--------+--------+--------+-----+--------+

Top non-repeatable levels by time:
     D:7: 1120 daAuts
     D:8: 1092 daAuts
     D:6: 901 daAuts
     D:1: 853 daAuts
     D:9: 838 daAuts
     D:3: 719 daAuts
     D:4: 685 daAuts
     D:5: 560 daAuts
     D:2: 507 daAuts
  Temple: 89 daAuts
    D:10: 14 daAuts
